 Dungeon Crawl Stone Soup version 0.19.4-9-g45fd643 (webtiles) character file.

242 protoss039 the Cudgeler (level 6, 0/38 HPs)
             Began as a Gargoyle Gladiator on Feb 21, 2017.
             Slain by a gnoll
             ... wielding a +0 spear
              (3 damage)
             ... on level 4 of the Dungeon.
             The game lasted 00:05:40 (3037 turns).

protoss039 the Cudgeler (Gargoyle Gladiator)        Turns: 3037, Time: 00:05:40

Health: 0/38       AC: 11    Str: 21    XL:     6   Next: 9%
Magic:  6/6        EV: 11    Int:  8    God:
Gold:   291        SH:  0    Dex: 10    Spells: 0 memorised, 5 levels left

rFire  . . .     SeeInvis .     a - +0 flail
rCold  . . .     Gourm    .     u - +0 ring mail
rNeg   + . .     Faith    .     (no shield)
rPois  ∞         Spirit   .     c - +0 helmet
rElec  +         Reflect  .     (no cloak)
rCorr  .         Harm     .     (no gloves)
MR     .....                    (no boots)
Stlth  ..........               (no amulet)
                                (no ring)
                                (no ring)

@: glowing
A: negative energy resistance 1, electricity resistance, unbreathing,
petrification resistance, rot immunity, AC +4
a: no special abilities


You were on level 4 of the Dungeon.
You were not hungry.

You visited 1 branch of the dungeon, and saw 4 of its levels.

You collected 291 gold pieces.

Inventory:

Hand Weapons
 a - a +0 flail (weapon)
Missiles
 d - 3 throwing nets (quivered)
 e - 99 stones
Armour
 c - a +0 helmet (worn)
 u - a +0 ring mail (worn)
Jewellery
 o - an uncursed ring of protection from magic {unknown}
 q - an uncursed amulet of rage {unknown}
 s - a cursed -3 ring of evasion {unknown}
Wands
 x - a wand of flame (25/48)
Scrolls
 g - 2 scrolls of amnesia {unknown}
 j - 5 scrolls of identify {unknown}
 k - a scroll of fog {unknown}
 l - a scroll of enchant armour {unknown}
 p - a scroll of enchant weapon {unknown}
 r - a scroll of magic mapping {unknown}
 t - a scroll of immolation {unknown}
 v - a scroll of recharging {unknown}
 w - a scroll of teleportation {unknown}
 y - a scroll of noise {unknown}
 A - a scroll of remove curse {unknown}
Potions
 h - a potion of curing {unknown}
 i - a potion of resistance {unknown}
 m - a potion of might {unknown}
 z - a potion of heal wounds {unknown}
 B - a potion of brilliance {unknown}
Comestibles
 b - 7 chunks of flesh
 f - 3 bread rations
 n - 2 meat rations


   Skills:
 + Level 3.7 Fighting
 * Level 5.1 Maces & Flails
 - Level 1.7 Throwing
 + Level 3.0 Armour
 - Level 2.4 Dodging


You had 5 spell levels left.
You didn't know any spells.

Dungeon Overview and Level Annotations

Branches:
Dungeon (4/15)
 Temple: D:4-7

Altars:
Cheibriados
Dithmenos
Fedhas
Qazlal
Ru


Innate Abilities, Weirdness & Mutations

You are resistant to torment.
Your stone body is resilient. (AC +4)
You are immune to poison.
You resist negative energy. (rN+)
You are resistant to electric shocks. (rElec)
You can survive without breathing.
You are immune to petrification.
You are immune to rotting.


Message History

Unknown command.
The gnoll hits you from afar with a spear.
* * * LOW HITPOINT WARNING * * *
You hit the gnoll shaman.
You kill the gnoll shaman!
Your Armour skill increases to level 3!
You have reached level 6!
Your experience leads to an increase in your attributes!
Increase (S)trength, (I)ntelligence, or (D)exterity?
You feel stronger.
The gnoll hits you from afar with a spear.
* * * LOW HITPOINT WARNING * * *
The gnoll closely misses you.
The gnoll hits you from afar with a spear.
* * * LOW HITPOINT WARNING * * *
Unknown command.
Okay, then.
Unknown command.
The gnoll hits you from afar with a spear.
You die...

#.# #.####...g..# #.# #.#
##.###.# #####.# #.#####.## .
......########## #g.......#
#####..........## #........# #
#.###.......# #gg......# # #.#
#.......#####g.......# # #.#
#...........#.#.###.## # #.#
####.#.#@.g)#.#.# #.#
#####.####........g.g.#.# #.#
........................# .#
#####.####.#.#.##.##..........
# #......#.#.#.##.##..........
###..........#.......##.#.....
................#..#.##.....##
###........#.##...............
# #.......[#.##.........#.##.#


You could see 3 gnolls.

Vanquished Creatures
  An orc priest (D:3)
  A gnoll shaman (D:4)
  2 worker ants (D:4)
  A hound skeleton (D:4)
  3 gnolls (D:4)
  3 adders
  An adder skeleton (D:4)
  2 dart slugs
  A leopard gecko (D:1)
  5 orcs
  4 bats
  2 giant cockroaches (D:3)
  9 goblins
  4 hobgoblins
  4 jackals (D:1)
  A ball python (D:2)
  4 frilled lizards
  6 kobolds
  A leopard gecko zombie (D:3)
  3 rats
58 creatures vanquished.

Notes
Turn   | Place    | Note
-------+----------+-------------------------------------------
     0 | D:1      | protoss039 the Gargoyle Gladiator began the quest for the Orb.
     0 | D:1      | Reached XP level 1. HP: 12/12 MP: 1/1
   272 | D:1      | Reached XP level 2. HP: 3/17 MP: 2/2
   596 | D:1      | Reached skill level 1 in Armour
   842 | D:1      | Reached XP level 3. HP: 21/21 MP: 3/3
  1012 | D:2      | Found a sacrificial altar of Ru.
  1024 | D:2      | Found a snail-covered altar of Cheibriados.
  1260 | D:2      | Found a faded altar of an unknown god.
  1546 | D:2      | Reached skill level 4 in Maces & Flails
  1714 | D:3      | Reached XP level 4. HP: 18/27 MP: 4/4
  1782 | D:3      | Found a shadowy altar of Dithmenos.
  1792 | D:3      | Found a blossoming altar of Fedhas.
  2090 | D:3      | Reached XP level 5. HP: 31/32 MP: 5/5
  2397 | D:3      | Found a stormy altar of Qazlal.
  3010 | D:4      | Reached skill level 5 in Maces & Flails
  3035 | D:4      | Reached XP level 6. HP: 9/38 MP: 6/6
  3037 | D:4      | Slain by a gnoll

Skill      XL: |  1  2  3  4  5 |
---------------+----------------+-----
Armour         | 1 2 3 |  3.0
Maces & Flails | 4 5 |  5.1
Fighting       | 3 |  3.7
Throwing       | |  1.7
Dodging        | |  2.4

Action                   |  1- 3 |  4- 6 || total
-------------------------+-------+-------++-------
Melee: Flail             |   148 |   117 ||   265
  Eat: Chunk             |     3 |     4 ||     7
Armor: Leather armour    |    88 |     2 ||    90
       Ring mail         |       |    58 ||    58
Dodge: Dodged            |   151 |    61 ||   212
